Map: Blackpink LE

Players

TheGazMan

  • Race: Terran Terran
  • League: Master
  • Spawn Location: 7:00

llIllllIllll - Winner!

  • Race: Protoss Protoss
  • League: Master
  • Spawn Location: 1:00

VOD

Have the link to the VOD?

Description

Time

  • Played on: Jan. 8, 2018, 8:48 p.m.
  • Length: 16:56
Show
View Real Time Build Order
Export as new Build Order

TheGazMan Terran 

Build Orders: MMM Bio 

Get SALT Encoding   

  12  0:01  SCV  
  13  0:13  SCV  
  14  0:18  Supply Depot  
  14  0:25  SCV  
  15  0:34  Refinery  
  15  0:39  SCV  
  16  0:45  Barracks  
  16  0:51  SCV  
  17  1:03  SCV  
  18  1:15  SCV  
  19  1:28  SCV  
  20  1:33  Marine  
  20  1:35  Bunker  
  20  1:39  Factory  
  21  1:40  Orbital Command  
  21  1:47  Supply Depot  
  20  2:07  Supply Depot, Barracks Tech Lab  
  20  2:09  SCV  
  20  2:14  Refinery  
  21  2:21  SCV  
  22  2:33  SCV, Siege Tank  
  22  2:34  Marine  
  27  2:40  Supply Depot  
  27  2:46  SCV  
  28  2:53  Barracks Reactor  
  28  2:58  SCV  
  29  3:10  SCV  
  29  3:12  Siege Tank  
  33  3:19  Command Center  
  33  3:25  SCV  
  34  3:29  Engineering Bay  
  34  3:30  Marine  
  34  3:33  Marine  
  36  3:48  Marine  
  36  3:49  SCV  
  36  3:51  Marine  
  37  4:00  Starport  
  37  4:01  SCV  
  38  4:06  Marine  
  39  4:25  Missile Turret  
  39  4:31  Marine x2, SCV, Missile Turret  
  45  4:33  Orbital Command  
  45  4:38  Factory Tech Lab, Missile Turret  
  42  4:43  SCV  
  43  4:48  Marine x2  
  45  4:54  Raven  
  45  4:57  Terran Infantry Weapons Level 1  
  45  4:59  Orbital Command  
  47  5:07  Marine x2  
  47  5:10  Missile Turret  
  49  5:14  Supply Depot  
  49  5:17  SCV  
  50  5:25  Marine x2  
  50  5:27  SCV  
  53  5:29  SCV  
  54  5:36  Supply Depot  
  54  5:39  SCV  
  55  5:43  SCV  
  56  5:51  Barracks, SCV  
  56  5:52  Starport Reactor  
  56  5:54  Barracks  
  56  5:56  SCV  
  58  6:01  Supply Depot  
  58  6:03  Marine, SCV  
  56  6:04  Stimpack  
  56  6:10  Missile Turret  
  55  6:11  Missile Turret  
  51  6:21  Marine  
  51  6:25  Missile Turret  
  52  6:29  Missile Turret  
  50  6:39  SCV x2  
  51  6:40  Missile Turret  
  51  6:45  Marine, Starport Reactor  
  51  6:46  Marine  
  40  7:04  SCV  
  40  7:07  Marine x3  
  43  7:09  SCV  
  43  7:15  Marine  
  45  7:17  Marine  
  45  7:20  SCV  
  45  7:22  SCV, Missile Turret  
  48  7:25  Marine  
  48  7:27  Viking  
  48  7:28  Missile Turret  
  49  7:38  Marine x2  
  49  7:40  SCV x2  
  51  7:44  Marine  
  51  7:45  Marine x2  
  54  7:52  SCV x2  
  54  7:53  Viking  
  54  7:57  Viking  
  60  8:00  Marine x2  
  60  8:04  SCV x2  
  60  8:05  Siege Tank  
  65  8:20  Marine  
  65  8:22  Marine  
  65  8:23  Marine x3  
  69  8:37  Viking  
  70  8:57  Marine  
  70  9:12  Marine  
  70  9:14  SCV  
  70  9:17  Marine x2  
  70  9:23  Marine  
  70  9:34  Marine x2  
  70  9:36  Marine x2  
  70  9:40  SCV  
  70  9:41  Marine  
  69  9:47  Viking  
  69  9:52  Marine x2  
  72  9:54  Marine x2  
  72  9:57  Medivac  
  72  9:59  Marine  
  75  10:03  SCV  
  73  10:10  Marine  
  70  10:17  Marine x3, Medivac  
  74  10:27  Medivac  
  71  10:48  Combat Shields  
  66  11:15  Medivac  
  63  11:25  Medivac  
  63  11:26  Marine  
  63  11:27  Marine  
  63  11:29  Marine  
  60  11:39  Marine x2  
  55  11:44  Marine  
  55  11:45  Marine  
  57  12:03  Marine x2  
  57  12:04  Medivac x2  
  60  12:14  Marine x2  
  62  12:24  Supply Depot  
  62  12:34  Marine  
  63  12:45  Marine  
  63  12:46  Marine  
  65  13:07  Orbital Command  
  52  13:49  Marine x2  
  52  13:50  Marine x3  
  48  14:07  Marine x3  
  48  14:08  Marine x2  
  51  14:18  Medivac  
  53  14:25  Marine x5  
  48  14:35  Missile Turret  
  48  14:36  Missile Turret  
  48  14:37  Missile Turret  
  48  14:43  Marine x4  
  52  14:51  Medivac  
  54  14:54  Marine  
  55  15:00  Marine  
  55  15:05  Marine x2  
Show
View Real Time Build Order
Export as new Build Order

llIllllIllll Protoss - Winner!

Build Orders:  

Get SALT Encoding   

  12  0:00  Probe  
  13  0:15  Pylon  
  13  0:20  Probe (Chrono Boost)  
  14  0:30  Probe (Chrono Boost)  
  14  0:35  Probe (Chrono Boost)  
  16  0:43  Forge  
  16  0:47  Probe  
  17  0:59  Probe (Chrono Boost)  
  18  1:07  Pylon  
  18  1:15  Probe (Chrono Boost)  
  19  1:26  Photon Cannon  
  19  1:27  Photon Cannon  
  19  1:34  Pylon  
  19  1:38  Gateway  
  19  1:42  Probe  
  20  1:47  Assimilator  
  20  1:50  Assimilator  
  21  1:54  Probe  
  21  2:00  Pylon  
  20  2:08  Probe (Chrono Boost)  
  21  2:18  Probe (Chrono Boost)  
  22  2:23  Probe (Chrono Boost)  
  22  2:27  Cybernetics Core, Zealot  
  25  2:35  Probe  
  26  3:03  Adept  
  28  3:11  Pylon  
  28  3:14  Nexus  
  28  3:37  Stargate x2  
  26  3:59  Photon Cannon  
  26  4:00  Pylon  
  26  4:05  Assimilator  
  26  4:07  Assimilator  
  26  4:19  Void Ray (Chrono Boost)  
  26  4:21  Shield Battery  
  30  4:29  Void Ray (Chrono Boost)  
  35  4:38  Probe  
  35  4:50  Probe  
  36  4:55  Void Ray  
  40  5:18  Probe  
  41  5:30  Probe  
  41  5:31  Void Ray  
  46  5:37  Pylon  
  44  5:46  Probe  
  45  6:37  Fleet Beacon  
  41  7:20  Tempest x2  
  53  7:23  Stargate  
  53  7:24  Pylon  
  53  7:27  Pylon  
  53  7:29  Pylon  
  53  7:34  Shield Battery  
  61  7:53  Mothership (Chrono Boost)  
  61  7:56  Probe (Chrono Boost), Pylon  
  62  8:02  Shield Battery  
  62  8:22  Tempest  
  64  8:57  Tempest  
  70  9:19  Shield Battery  
  66  9:40  Tempest x2 (Chrono Boost)  
  75  9:55  Tempest (Chrono Boost)  
  70  10:46  Pylon  
  70  11:11  Carrier (Chrono Boost)  
  62  11:38  Carrier (Chrono Boost)  
  62  12:11  Gateway  
  62  12:15  Graviton Catapult (Chrono Boost)  
  62  12:23  Pylon  
  62  12:24  Pylon  
  62  12:37  Carrier  
  43  14:11  Probe  
  44  14:23  Probe  
  45  14:35  Probe (Chrono Boost)  
  46  14:47  Probe (Chrono Boost)  
  46  14:50  Zealot  
  49  14:55  Probe (Chrono Boost)  
  48  16:06  Probe  
  49  16:18  Probe  
Tags
 
Composition
MMM Bio
Matchup
PvT
Spawn Locations
Cross Positions
Add a new tag
Caveats
  • Supply blocks, unpowered buildings, or Contaminate may cause inaccurate times.
  • Supply counts are checked every 10 seconds.